 Dungeon Crawl Stone Soup version 0.22-a0-322-g60b3cfd (webtiles) character file.

51 Cattac the Scratcher (level 3, -1/16 HPs)
             Began as a Felid Transmuter on Apr 5, 2018.
             Slain by an adder (3 damage)
             ... on level 2 of the Dungeon.
             The game lasted 00:05:55 (1739 turns).

Cattac the Scratcher (Felid Transmuter)             Turns: 1739, Time: 00:05:55

Health: -1/16      AC:  1    Str:  7    XL:     3   Next: 58%
Magic:  7/7        EV: 18    Int: 14    God:
Gold:   82         SH:  0    Dex: 16    Spells: 6/7 levels left
                                        Lives:  0   Deaths: 0

rFire    . . .     SeeInvis +     - Unarmed
rCold    . . .     Gourm    .   (shield unavailable)
rNeg     . . .     Faith    .   (armour unavailable)
rPois    .         Spirit   .   (helmet unavailable)
rElec    .         Reflect  .   (cloak unavailable)
rCorr    .         Harm     .   (gloves unavailable)
MR       .....                  (boots unavailable)
Stlth    ++........             (no amulet)
HPRegen  0.05/turn              (no ring)
MPRegen  0.10/turn              (no ring)

@: quick
A: very small, no armour, no weapons or thrown items, stealth, claws 1, fangs 3,
see invisible, carnivore, speed 1, shaggy fur 1, slow metabolism 1, sharp paws
a: no special abilities


You were on level 2 of the Dungeon.
You were not hungry.

You visited 1 branch of the dungeon, and saw 2 of its levels.

You collected 82 gold pieces.

Inventory:

Missiles
 a - 34 arrows
Scrolls
 d - 3 scrolls of blinking {unknown}
 e - a scroll of noise {unknown}
 f - 3 scrolls of remove curse {unknown}
 j - a scroll of fear {unknown}
 l - a scroll of teleportation {unknown}
 m - a scroll of identify {unknown}
 n - a scroll of enchant armour {unknown}
Potions
 b - a potion of berserk rage {unknown}
 g - 2 potions of degeneration {unknown}
 h - a potion of curing {unknown}
 i - a potion of haste {unknown}
 k - a potion of magic {unknown}
Comestibles
 c - 2 rations


   Skills:
 + Level 1.8 Fighting
 - Level 2.6 Dodging
 * Level 3.9 Unarmed Combat
 + Level 2.5 Spellcasting
 - Level 2.1 Transmutations


You had 6 spell levels left.
You knew the following spells:

 Your Spells              Type           Power        Failure   Level  Hunger
a - Beastly Appendage     Tmut           #.....       9%          1    #......


Dungeon Overview and Level Annotations

Branches:
Dungeon (2/15)

Altars:


Innate Abilities, Weirdness & Mutations

You cannot wear armour.
You are incapable of wielding weapons or throwing items.
Your paws allow you to move quietly. (Stealth)
You have sharp claws.
You have razor-sharp teeth.
You have supernaturally acute eyesight. (SInv)
You are carnivorous and can eat meat at any time.
You cover ground quickly.
You are covered in fur. (AC +1)
You have a slow metabolism.
Your sharp claws are effective at attacking unaware monsters.


Message History

You are too injured to fight recklessly!
You are too injured to fight recklessly!
You are too injured to fight recklessly!
You are too injured to fight recklessly!
You are too injured to fight recklessly!
You are too injured to fight recklessly!
You closely miss the adder. The adder closely misses you. The adder bites you.
* * * LOW HITPOINT WARNING * * *
You barely miss the adder. The adder misses you.
You barely miss the adder. The adder closely misses you.
You scratch the adder.
The adder is moderately wounded.
The adder closely misses you.
You miss the adder. Your bite misses the adder.
The adder is moderately wounded.
The adder completely misses you.
You closely miss the adder.
The adder is moderately wounded.
The adder bites you.
You die...

.......<..# #..#..........
..........# #..#..........
..........#+####+####'#..........
.................................
.............................####
#<#..........................# #
.#####....#+####'####'#......+
.+........# #.....#..#......#
.###...#### #..@..#..#......# .#
#......# #..S..###########
.###......# #.....# .'....>...#
+.....+ .#........####+###+#
.#...........# ##...........#
##...........########.....
##..................# ....#


You could see an adder.

Vanquished Creatures
  2 adders (D:2)
  An ooze (D:2)
  A worm (D:2)
  A dart slug (D:1)
  A ball python (D:2)
  3 giant cockroaches
  3 goblins
  A hobgoblin (D:1)
  5 kobolds
  4 bats
  2 frilled lizards (D:1)
  3 rats
27 creatures vanquished.

Notes
Turn   | Place    | Note
-------+----------+-------------------------------------------
     0 | D:1      | Cattac the Felid Transmuter began the quest for the Orb.
     0 | D:1      | Reached XP level 1. HP: 9/9 MP: 4/4
     4 | D:1      | Noticed an elephant
   480 | D:1      | Reached XP level 2. HP: 12/12 MP: 6/6
  1005 | D:1      | Noticed an elephant
  1344 | D:2      | Reached XP level 3. HP: 15/15 MP: 7/7
  1739 | D:2      | Slain by an adder

Vault maps used:
D:1:      sevenhm_arrival_forest_fort_small_2, minmay_misc_feat_four_crosses,
          kennysheep_boxes
D:2:      first_ration, minmay_snake_closets

Action                   || total
-------------------------++-------
Melee: Unarmed           ||    82
       Bite              ||     5
       Punch             ||     1
 Cast: Beastly Appendage ||     3
 Stab: Sleeping          ||     5
  Eat: Chunk             ||     2
Armor: Skin              ||     4
Dodge: Dodged            ||    54

Table legend:
 A = Spawn XP
 B = Non-spawn XP
 C = Spawn XP percentage of total XP
 D = Spawn monster count
 E = Non-spawn monster count
 F = Spawn count percentage of total count
 G = Total turns spent on level
                    A         B        C        D         E        F      G
               +---------+---------+-------+---------+---------+-------+---------
         Total |       0 |      74 |   0.0 |       0 |      27 |   0.0 |  1739
               +---------+---------+-------+---------+---------+-------+---------
           D:1 |       0 |      21 |   0.0 |       0 |      14 |   0.0 |  1049
           D:2 |       0 |      53 |   0.0 |       0 |      13 |   0.0 |   690
               +---------+---------+-------+---------+---------+-------+---------
